 Dungeon Crawl Stone Soup version 0.19.0 (webtiles) character file.

1323 Eucla the Carver (level 8, -4/50 HPs)
             Began as an Octopode Gladiator on Nov 19, 2016.
             Was a Follower of Fedhas.
             Slain by a killer bee (8 damage)
             ... on level 7 of the Dungeon.
             The game lasted 00:06:22 (3887 turns).

Eucla the Carver (Octopode Gladiator)               Turns: 3887, Time: 00:06:22

Health: -4/50      AC:  2    Str: 12 (14) XL:     8   Next: 59%
Magic:  8/8        EV: 14    Int:  8 (11) God:    Fedhas [*.....]
Gold:   311        SH:  0    Dex: 11 (12) Spells: 0 memorised, 7 levels left

rFire  . . .     SeeInvis .     a - +0 long sword
rCold  . . .     Gourm    .     (no shield)
rNeg   . . .     Faith    .     b - +1 hat
rPois  .         Spirit   .     m - amulet of regeneration
rElec  .         Reflect  .     (no ring)
rCorr  .         Harm     .     (no ring)
MR     .....     Clarity  +     (no ring)
Stlth  ++........               (no ring)
                                (no ring)
                                (no ring)
                                (no ring)
                                (no ring)

@: lethally poisoned (-4 -> -13)
A: almost no armour, stealthy swim, amphibious, 8 rings, constrict 8, fangs 1,
camouflage 1, clarity, clumsy 1, gelatinous body 1
a: Fungal Bloom, Evolution, Renounce Religion


You were on level 7 of the Dungeon.
You worshipped Fedhas.
Fedhas was aware of your devotion.
You were not hungry.

You visited 1 branch of the dungeon, and saw 6 of its levels.
You also visited: Sewer.

You collected 311 gold pieces.

Inventory:

Hand Weapons
 a - a +0 long sword (weapon)
 j - a +2 triple sword of slicing
Missiles
 c - 3 throwing nets (quivered)
Armour
 b - a +1 hat (worn)
Jewellery
 m - an amulet of regeneration (around mantle)
 q - an uncursed ring of magical power {unknown}
Wands
 h - a wand of iceblast (9/15)
 t - a wand of random effects (17/48)
Scrolls
 e - a scroll of amnesia
 f - 5 scrolls of teleportation
 g - a scroll of magic mapping
 k - 2 scrolls of blinking
 n - a scroll of remove curse
 u - a scroll of identify
Potions
 l - 2 potions of flight
Comestibles
 d - 7 bread rations
 p - a meat ration
 r - a beef jerky


   Skills:
 - Level 2.0 Fighting
 + Level 10.5 Long Blades
 - Level 2.0 Throwing
 - Level 3.0 Dodging


You had 7 spell levels left.
You didn't know any spells.

Dungeon Overview and Level Annotations

Branches:
Dungeon (5/15)
 Temple: D:4-7

Altars:
Dithmenos
Elyvilon
Fedhas
Makhleb


Innate Abilities, Weirdness & Mutations

You cannot wear most types of armour.
You are very stealthy in the water. (Stealth+)
You are amphibious.
You can wear up to eight rings at the same time.
You can use your tentacles to constrict eight enemies at once.
Your skin changes colour to match your surroundings (Stealth+).
Your rubbery body absorbs attacks. (AC +1, EV +1)
You have very sharp teeth.
You possess an exceptional clarity of mind.
You are clumsy. (Dex -2)


Message History

You feel sick. The killer bee misses you. The killer bee barely misses you.
Unknown command.
Unknown command.
It was a potion of cancellation.
Your magical effects are unravelling.
You feel magically purged.
You feel a little less agile now.
You constrict the killer bee.
* * * LOW HITPOINT WARNING * * *
You feel sick. The killer bee completely misses you. The killer bee misses you.
It was a potion of degeneration.
There was something very wrong with that liquid.
You feel weakened.
You feel dopey.
You feel clumsy.
You constrict the killer bee.
You kill the killer bee!
Your life force feels restored.
* * * LOW HITPOINT WARNING * * *
You feel sick. The killer bee stings you!
You die...
Fedhas appreciates your contribution to the ecosystem.

######## #......# #
#...?..# ..
#...(..############
...#.................#
..........##########.#
...#............ #.#
.) #.....o#####.#..#.#
. #.....yoy@......#.#
#.....oa#######.#.#
.......#.#.# #.#
......!...... #.#
............... #.#
..#........#### #.# #
#.#.#<#... #.#
.....>...?. #.# #.#


You could see an orc warrior, a worker ant, 2 killer bees, an orc priest and an
orc.

Vanquished Creatures
  2 bullfrogs (Sewer)
  A wyvern skeleton (D:7)
  A scorpion (D:7)
  4 wights (D:7)
  7 killer bees (D:7)
  2 crimson imps
  A hound (D:5)
  A bullfrog skeleton (D:5)
  2 orc priests
  An iguana (D:5)
  3 worker ants
  Natasha (thrice) (D:3)
  3 orc wizards
  A worker ant zombie (D:5)
  4 adders
  2 river rats (D:3)
  3 oozes
  An adder skeleton (D:7)
  2 worms
  8 leopard geckos
  6 orcs
  5 ball pythons
  10 giant cockroaches
  10 goblins
  5 hobgoblins
  4 jackals (D:7)
  3 quokkas
  4 bats
  9 frilled lizards
  7 kobolds
  7 rats
122 creatures vanquished.

Vanquished Creatures (others)
  21 toadstools
21 creatures vanquished.

Grand Total: 143 creatures vanquished

Notes
Turn   | Place    | Note
-------+----------+-------------------------------------------
     0 | D:1      | Eucla the Octopode Gladiator began the quest for the Orb.
     0 | D:1      | Reached XP level 1. HP: 14/14 MP: 1/1
    72 | D:1      | Reached XP level 2. HP: 19/19 MP: 2/2
   128 | D:1      | Reached skill level 4 in Long Blades
   211 | D:1      | Reached XP level 3. HP: 24/24 MP: 3/3
  1286 | D:2      | Reached XP level 4. HP: 17/29 MP: 4/4
  1440 | D:3      | Reached skill level 5 in Long Blades
  1544 | D:3      | Reached XP level 5. HP: 33/34 MP: 5/5
  1560 | D:3      | Noticed Natasha
  1566 | D:3      | Killed Natasha
  1771 | D:3      | Noticed Natasha
  1782 | D:3      | Reached skill level 6 in Long Blades
  1790 | D:3      | Killed Natasha
  1812 | D:3      | Found a glowing drain.
  1824 | Sewer    | Entered a sewer
  1884 | Sewer    | Reached XP level 6. HP: 24/39 MP: 6/6
  1951 | Sewer    | Reached skill level 7 in Long Blades
  2094 | D:3      | Noticed Natasha
  2100 | D:3      | Killed Natasha
  2112 | D:3      | Found a shadowy altar of Dithmenos.
  2175 | D:3      | Found a blossoming altar of Fedhas.
  2179 | D:3      | Became a worshipper of Fedhas Madash
  2584 | D:4      | Gained mutation: You have very sharp teeth. [potion of mutation]
  2584 | D:4      | Gained mutation: You possess an exceptional clarity of mind. [potion of mutation]
  2584 | D:4      | Gained mutation: You are clumsy. (Dex -2) [potion of mutation]
  2937 | D:4      | Reached XP level 7. HP: 40/45 MP: 7/7
  3104 | D:5      | Entered Level 5 of the Dungeon
  3116 | D:5      | Reached skill level 8 in Long Blades
  3441 | D:5      | Found a burning altar of Makhleb.
  3555 | D:5      | You fall through a shaft for 2 floors!
  3569 | D:7      | Reached skill level 9 in Long Blades
  3585 | D:7      | Reached XP level 8. HP: 21/50 MP: 8/8
  3597 | D:7      | Reached * piety under Fedhas
  3737 | D:7      | Found a white marble altar of Elyvilon.
  3820 | D:7      | Reached skill level 10 in Long Blades
  3871 | D:7      | Identified a scroll of acquirement
  3887 | D:7      | Slain by a killer bee

Skill      XL: |  1  2  3  4  5  6  7  8 |
---------------+-------------------------+-----
Long Blades    | 4 5 6 7 9 10 | 10.5
Fighting       | |  2.0
Throwing       | |  2.0
Dodging        | |  3.0

Action                   |  1- 3 |  4- 6 |  7- 9 || total
-------------------------+-------+-------+-------++-------
Melee: Long sword        |    45 |   102 |   106 ||   253
       Tentacles         |    12 |    23 |    30 ||    65
       Constrict         |    14 |    34 |    31 ||    79
       Bite              |       |     2 |    19 ||    21
Invok: Fungal Bloom      |       |     4 |     5 ||     9
  Use: Scroll            |       |     9 |     8 ||    17
       Potion            |       |     1 |     9 ||    10
 Stab: Sleeping          |     5 |     7 |     3 ||    15
       Invisible         |       |       |     3 ||     3
  Eat: Meat ration       |     1 |       |     1 ||     2
       Beef jerky        |     1 |       |       ||     1
Armor: Skin              |     1 |     4 |     3 ||     8
Dodge: Dodged            |    35 |    58 |   123 ||   216
       Rpst.: Long sword |    15 |    13 |    35 ||    63
